 Dungeon Crawl Stone Soup version 0.25-a0-589-g1e14c549ee (webtiles) character file.

Game seed: 641549320322968987, levelgen mode: deterministic

68349 Kohma the Warrior (level 15, -16/103 HPs)
             Began as a Gargoyle Earth Elementalist on Mar 13, 2020.
             Was an Elder of Ashenzari.
             Demolished by an ettin
             ... wielding a +0 dire flail
              (33 damage)
             ... on level 12 of the Dungeon.
             The game lasted 01:40:19 (32419 turns).

Kohma the Warrior (Gargoyle Earth Elementalist)    Turns: 32419, Time: 01:40:20

Health: -16/103    AC: 21    Str: 13    XL:     15   Next: 26%
Magic:  12/29      EV: 14    Int: 24    God:    Ashenzari [****..]
Gold:   349        SH:  7    Dex: 10    Spells: 6/34 levels left

rFire    . . .     SeeInvis +   M - +5 long sword (curse)
rCold    . . .     Gourm    .   R - +2 buckler {reflect} (curse)
rNeg     + . .     Faith    .   y - +0 troll leather armour (curse)
rPois    ∞         Spirit   .   Y - +0 hat
rElec    +         Reflect  +   h - +0 cloak
rCorr    .         Harm     .   r - +0 pair of gloves (curse)
MR       ++...     Clarity  +   o - +1 pair of boots "Caeb" {Str-2 Int+3 Stlth+}
Stlth    +++.......             S - amulet of the acrobat (curse)
HPRegen  0.67/turn              H - ring of wizardry (curse)
MPRegen  0.21/turn              D - ring of protection from magic

@: no status effects
A: big wings, talons 2, negative energy resistance 1, electricity resistance,
strong 1, unbreathing, petrification resistance, rot immunity, AC +11
a: Fly, Curse Item, Scrying, Renounce Religion


You were on level 12 of the Dungeon.
You worshipped Ashenzari.
Ashenzari was greatly pleased with you.
You were not hungry.

You visited 3 branches of the dungeon, and saw 19 of its levels.
You also visited: Ice Cave.

You collected 1426 gold pieces.
You spent 1077 gold pieces at shops.

Inventory:

Hand Weapons
 g - a +2 hand axe of electrocution
 M - a cursed +5 long sword (weapon)
 V - a +1 rapier of holy wrath
 W - the +1 war axe "Vyjekeco" {flame, +Blink rElec rN+ Int+4}
   (You took it off a meliai on level 5 of the Lair of Beasts)

   It has been specially enchanted to burn those struck by it, causing extra
   injury to most foes and up to half again as much damage against particularly
   susceptible opponents.
   Big, fiery blades are also staple armaments of hydra-hunters.
   It affects your intelligence (+4).
   It insulates you from electricity.
   It protects you from negative energy.
   It lets you blink.
Missiles
 b - 426 stones
 q - 71 poisoned darts
 w - 149 bolts
 z - 2 throwing nets (quivered)
 I - 164 sling bullets
Armour
 h - a +0 cloak (worn)
 o - the +1 pair of boots "Caeb" (worn) {Str-2 Int+3 Stlth+}
   (You found it on level 2 of the Lair of Beasts)

   It affects your strength (-2).
   It affects your intelligence (+3).
   It makes you more stealthy.
 r - a cursed +0 pair of gloves (worn)
 y - a cursed +0 troll leather armour (worn)
 J - a +2 leather armour of magic resistance
 K - a +2 pair of boots
 O - +0 acid dragon scales
 R - a cursed +2 buckler of reflection (worn)
 Y - a +0 hat (worn)
Magical Staves
 E - an uncursed staff of death
 P - an uncursed staff of summoning
Jewellery
 v - a +3 amulet of reflection
 B - an uncursed ring of ice
 D - a ring of protection from magic (right hand)
 H - a cursed ring of wizardry (left hand)
 S - a cursed amulet of the acrobat (around neck)
 T - an uncursed amulet of harm
Wands
 c - a wand of paralysis (9)
 l - a wand of scattershot (1)
 C - a wand of flame (18)
Scrolls
 e - 5 scrolls of fear
 s - a scroll of identify
 t - 5 scrolls of enchant weapon
 F - 5 scrolls of teleportation
 G - 4 scrolls of fog
 N - 2 scrolls of amnesia
 U - a scroll of vulnerability
Potions
 a - a potion of might
 f - 4 potions of heal wounds
 i - 9 potions of curing
 j - a potion of haste
 k - 3 potions of berserk rage
 m - 2 potions of invisibility
 p - 4 potions of lignification
 u - 2 potions of resistance
 x - 3 potions of brilliance
 L - 4 potions of mutation
Miscellaneous
 n - a lightning rod (4/4)
 A - a sack of spiders
 Q - a fan of gales
Comestibles
 d - 28 rations
 X - 2 chunks of flesh


   Skills:
 - Level 15.3 Fighting
 - Level 11.7(14.9) Long Blades
 - Level 7.0 Armour
 - Level 6.0 Dodging
 - Level 2.1 Stealth
 - Level 3.0(5.0) Shields
 + Level 10.1 Spellcasting
 - Level 2.0(3.7) Conjurations
 - Level 2.9(4.8) Hexes
 * Level 1.9(3.6) Summonings
 * Level 3.5(5.5) Translocations
 - Level 0.7(1.9) Transmutations
 - Level 10.6(12.7) Earth Magic
 + Level 4.0(6.1) Evocations


You had 6 spell levels left.
You knew the following spells:

 Your Spells              Type           Power        Failure   Level  Hunger
a - Sandblast             Erth           ######       1%          1    None
b - Passwall              Tmut/Erth      #####...     1%          2    None
c - Stone Arrow           Conj/Erth      ######       1%          3    None
d - Lee's Rapid Deconstr  Erth           ######....   1%          5    ####...
e - Petrify               Tmut/Erth      #####...     1%          4    #......
f - Blink                 Tloc           N/A          1%          2    None
g - Cause Fear            Hex            #####.....   3%          4    #......
h - Malign Gateway        Summ/Tloc      ####......   96%         7    #######

Your spell library contained the following spells:

 Spells                   Type           Power        Failure   Level  Hunger
 Corona                   Hex            #####..      1%          1    None
 Slow                     Hex            #####...     1%          2    None
 Confusing Touch          Hex            #####...     1%          3    None
 Gell's Gravitas          Tloc           #####.....   1%          3    None
 Lesser Beckoning         Tloc           #####.....   1%          3    None
 Portal Projectile        Hex/Tloc       #####.       1%          3    None
 Leda's Liquefaction      Hex/Erth       ######....   1%          4    #......
 Inner Flame              Hex/Fire       ###.....     2%          3    None
 Yara's Violent Unravell  Hex/Tmut       ####......   17%         5    ####...
 Metabolic Englaciation   Hex/Ice        ###.......   24%         5    ####...
 Monstrous Menagerie      Summ           ####......   99%         7    #######
 Summon Greater Demon     Summ           ####......   99%         7    #######
 Controlled Blink         Tloc           N/A          100%        8    #######
 Summon Horrible Things   Summ           ####......   100%        8    #######


Dungeon Overview and Level Annotations

Branches:
Dungeon (12/15)            Temple (1/1) D:5            Lair (6/6) D:8
  Swamp (0/4) Lair:4        Snake (0/4) Lair:4        Slime (0/5) Lair:6
    Orc (0/2) D:9           IceCv (visited)

Altars:
Ashenzari
Cheibriados
Dithmenos
Elyvilon
Fedhas
Gozag
Hepliaklqana
Kikubaaqudgha
Makhleb
Nemelex Xobeh
Okawaru
Qazlal
Ru
Sif Muna
Trog
Uskayaw
Vehumet
Wu Jian
Xom
Yredelemnul
Zin
The Shining One

Shops:
D:10 [!*==   D:11 [

Annotations:
D:7 2 transporters, RedPan's ghost, novice GnWn
Lair:1 exclusion: hydra


Innate Abilities, Weirdness & Mutations

You are resistant to torment.
Your stone body is resilient. (AC +11)
You are immune to poison.
Your large and strong wings let you fly indefinitely.
You resist negative energy. (rN+)
You are resistant to electric shocks. (rElec)
You can survive without breathing.
You are immune to petrification.
You are immune to rotting.
You have razor-sharp toenails.
Your muscles are strong. (Str +2)


Message History

The ettin is heavily wounded.
Casting: Stone Arrow (safe; 1% risk of failure)
Confirm with . or Enter, or press ? or * to list all spells.
Aiming: Stone Arrow (safe; 1% risk of failure)
Press: ? - help, Shift-Dir - straight line, f/p - ettin
Aim: an ettin, wielding two +0 dire flails (heavily wounded)
The stone arrow hits the ettin!
The ettin is severely wounded.
The ettin barely misses you. The ettin hits you but does no damage.
Casting: Stone Arrow (safe; 1% risk of failure)
Confirm with . or Enter, or press ? or * to list all spells.
Aiming: Stone Arrow (safe; 1% risk of failure)
Press: ? - help, Shift-Dir - straight line, f/p - ettin
Aim: an ettin, wielding two +0 dire flails (severely wounded)
The stone arrow hits the ettin!
The ettin is almost dead.
The ettin hits you with a +0 dire flail!!!
* * * LOW HITPOINT WARNING * * *
The ettin hits you with a +0 dire flail!!
You die...

...## ##.......## #...# ,
#...## ##....{....## #...#
* ,
##...###...#...#...###...#
*
.##...#...###.###...#...#
, ..##.....## ### ##.....#
*, ).)##...## ##...## ,
..##.....## ##.....## * ,
)##...#...## ##...#...##
... .#...###...##
##@..###!..## ...
.÷..##.##...###C..##
##...## *...
...##...##...#...##
##...## ...
#.(......##.....##
##...##...
##(...(..)##...##
##...#... ###############
##)..... *
**################÷÷...
,,,..............[÷..... *
* ######.#+##.#####...


You could see an ettin.

Vanquished Creatures
  Gastronok (D:12)
  Kirke (Lair:5)
  A frost giant (IceCv)
  8 hydras
  A catoblepas (Lair:6)
  2 centaur warriors
  12 death yaks
  A deep troll shaman (Lair:6)
  Urug (D:12)
  A skeletal warrior (D:12)
  2 unseen horrors (D:12)
  A lindwurm (Lair:5)
  A flayed ghost (D:12)
  7 oklob plants
  10 elephants
  2 centaur zombies
  2 ice statues (IceCv)
  6 black mambas
  16 spiny frogs
  A gargoyle (D:12)
  5 rime drakes
  A komodo dragon (Lair:3)
  A queen bee (Lair:5)
  3 meliai (Lair:5)
  7 trolls
  14 polar bears
  Prince Ribbit (D:9)
  9 dream sheep
  5 blink frogs
  A bog body (Lair:4)
  10 hippogriffs
  A slime creature (D:12)
  Sigmund (D:3)
  A shadow (D:12)
  4 hogs (Lair:5)
  3 wyverns
  3 basilisks
  28 yaks
  Eustachio (D:4)
  A steam dragon (D:7)
  A hungry ghost (D:11)
  Edmund (D:5)
  3 swamp worms (Lair:4)
  4 wargs (D:9)
  17 water moccasins
  An acid dragon (D:11)
  8 porcupines
  2 black bears (D:8)
  3 ice beasts
  3 phantoms
  A sky beast (D:9)
  3 ogres
  2 eyes of draining
  25 wolves
  2 centaurs
  8 crocodiles
  2 big kobolds
  2 wyvern zombies
  Blork the orc (D:4)
  20 bullfrogs
  3 scorpions
  36 killer bees
  5 howler monkeys
  4 electric eels
  6 wights
  11 crimson imps
  3 bullfrog zombies
  2 centaur skeletons
  A jelly (D:5)
  6 orc priests
  3 orc wizards
  2 bullfrog skeletons (D:8)
  10 hounds
  3 iguanas
  Ijyb (D:5)
  14 worker ants
  8 hell rats
  A hound skeleton (D:8)
  A hound zombie (D:7)
  11 gnolls
  17 adders
  2 shadow imps
  An ooze (D:6)
  An adder skeleton (D:8)
  4 worms (D:4)
  A dart slug (D:1)
  7 leopard geckos
  41 orcs
  A ball python (Lair:4)
  5 giant cockroaches
  3 goblins
  5 hobgoblins
  4 jackals (D:1)
  15 kobolds
  6 quokkas
  8 bats
  5 frilled lizards
  A goblin skeleton (D:4)
  3 goblin zombies (D:4)
  A hobgoblin zombie (D:4)
  An orc skeleton (D:4)
  4 rats
  A fungus (Lair:2)
  3 plants (Lair:4)
557 creatures vanquished.

Vanquished Creatures (others)
  A bush (Lair:5)
  7 fungi
  4 plants
12 creatures vanquished.

Grand Total: 569 creatures vanquished

Notes
Turn   | Place    | Note
-------+----------+-------------------------------------------
     0 | D:1      | Kohma the Gargoyle Earth Elementalist began the quest for
                  | the Orb.
     0 | D:1      | Reached XP level 1. HP: 10/10 MP: 3/3
   136 | D:1      | Reached XP level 2. HP: 15/15 MP: 5/5
   144 | D:1      | Learned a level 2 spell: Passwall
  1138 | D:2      | Reached XP level 3. HP: 17/19 MP: 4/6
  1143 | D:2      | Learned a level 3 spell: Stone Arrow
  1854 | D:2      | Reached skill level 5 in Earth Magic
  2172 | D:2      | Reached XP level 4. HP: 13/24 MP: 5/8
  2599 | D:2      | Reached skill level 1 in Conjurations
  2723 | D:3      | HP: 1/24 [worker ant (5)]
  2724 | D:3      | Reached XP level 5. HP: 1/28 MP: 8/10
  3564 | D:3      | Noticed Sigmund
  3579 | D:3      | Killed Sigmund
  3579 | D:3      | Reached XP level 6. HP: 23/32 MP: 5/12
  4002 | D:3      | Found a faded altar of an unknown god.
  4504 | D:4      | Noticed a phantom
  4568 | D:4      | Killed a phantom
  4568 | D:4      | Reached skill level 5 in Spellcasting
  4568 | D:4      | Reached XP level 7. HP: 36/36 MP: 4/14
  4633 | D:4      | Found a glowing golden altar of the Shining One.
  4716 | D:4      | Noticed Eustachio
  4955 | D:4      | Killed Eustachio
  5185 | D:4      | Got a scorched plate armour
  5279 | D:4      | Noticed Blork the orc
  5282 | D:4      | Killed Blork the orc
  5393 | D:4      | Learned a level 5 spell: Lee's Rapid Deconstruction
  5683 | D:4      | Reached XP level 8. HP: 41/41 MP: 5/16
  5987 | D:5      | Entered Level 5 of the Dungeon
  5990 | D:5      | Noticed Ijyb
  5995 | D:5      | Killed Ijyb
  6260 | D:5      | Found a burning altar of Makhleb.
  6287 | D:5      | Found an ornate altar of the Wu Jian Council.
  6287 | D:5      | Found a radiant altar of Vehumet.
  6294 | D:5      | Noticed Edmund
  6300 | D:5      | Killed Edmund
  6847 | D:5      | Found a staircase to the Ecumenical Temple.
  6856 | Temple   | Entered the Ecumenical Temple
  6953 | Temple   | Became a worshipper of Ashenzari the Shackled
  7188 | D:6      | Noticed a troll
  7195 | D:6      | Killed a troll
  7195 | D:6      | Reached skill level 10 in Earth Magic
  7347 | D:6      | Reached skill level 1 in Fighting
  7347 | D:6      | Reached skill level 1 in Armour
  7347 | D:6      | Reached XP level 9. HP: 25/47 MP: 2/18
  7651 | D:6      | Reached skill level 2 in Fighting
  8341 | D:7      | Reached skill level 3 in Fighting
  8740 | D:7      | Reached skill level 4 in Fighting
  8990 | D:7      | Noticed a moth of wrath
  8991 | D:7      | Noticed RedPan's ghost (novice GnWn)
  9236 | D:7      | Found a transporter.
  9255 | D:7      | Found a transporter.
  9336 | D:8      | Reached skill level 5 in Armour
  9425 | D:8      | Reached skill level 5 in Fighting
  9564 | D:8      | Reached XP level 10. HP: 55/59 MP: 13/19
  9826 | D:8      | Reached skill level 6 in Fighting
  9914 | D:8      | Found a staircase to the Lair.
 10057 | D:8      | Reached skill level 5 in Dodging
 10241 | D:8      | Found an iron altar of Okawaru.
 10247 | D:8      | Found a basalt altar of Yredelemnul.
 10537 | D:8      | Learned a level 4 spell: Petrify
 10592 | D:8      | Reached * piety under Ashenzari
 11047 | D:9      | Reached skill level 7 in Fighting
 11227 | D:9      | Found a staircase to the Orcish Mines.
 11532 | D:9      | Noticed Prince Ribbit
 11540 | D:9      | Killed Prince Ribbit
 11619 | D:9      | Found a shimmering blue altar of Sif Muna.
 11870 | D:9      | Reached skill level 8 in Fighting
 11878 | D:9      | Reached XP level 11. HP: 68/68 MP: 3/20
 12065 | D:10     | Entered Level 10 of the Dungeon
 12071 | D:10     | Found Ataasche's Distillery.
 12084 | D:10     | Bought a potion of heal wounds for 80 gold pieces
 12262 | D:10     | Noticed a centaur warrior
 12567 | D:10     | Killed a centaur warrior
 12567 | D:10     | Reached skill level 9 in Fighting
 12660 | D:10     | Found Ranuoqesk's Jewellery Shop.
 13024 | D:10     | Reached ** piety under Ashenzari
 13038 | D:10     | Found Cohoba's Jewellery Shoppe.
 13040 | D:10     | Bought an uncursed ring of protection from magic for 300
                  | gold pieces
 13236 | D:10     | Found Zarusti's Armour Emporium.
 13248 | D:10     | Found a sacrificial altar of Ru.
 13319 | D:10     | Found Vuceano's General Store.
 14137 | D:11     | Found Zidewkots's Armour Emporium.
 14222 | D:11     | Bought a +2 buckler of reflection for 277 gold pieces
 14248 | D:11     | Reached skill level 1 in Shields
 14486 | D:11     | Reached skill level 10 in Fighting
 14486 | D:11     | Reached skill level 1 in Evocations
 14857 | Lair:1   | Entered Level 1 of the Lair of Beasts
 14882 | Lair:1   | Found a burning altar of Makhleb.
 14884 | Lair:1   | Noticed an oklob plant
 15060 | Lair:1   | Killed an oklob plant
 15160 | Lair:1   | Identified the Grimoire of Displacement
 15165 | Lair:1   | Learned a level 2 spell: Blink
 15467 | Lair:1   | Noticed a seven-headed hydra
 15471 | Lair:1   | Reached skill level 1 in Long Blades
 15471 | Lair:1   | Reached skill level 1 in Translocations
 15879 | D:8      | Killed a 13-headed hydra
 15981 | Lair:1   | Reached XP level 12. HP: 75/77 MP: 18/24
 16695 | Lair:1   | Noticed a six-headed hydra
 17337 | Lair:2   | Identified the +3 plate armour of Bad Feelings {rCorr SInv}
                  | (You found it on level 4 of the Dungeon)
 17356 | Lair:2   | Found a frozen archway.
 17366 | IceCv    | Entered an ice cave
 18163 | IceCv    | Reached *** piety under Ashenzari
 18330 | IceCv    | Reached skill level 5 in Long Blades
 18583 | IceCv    | Reached skill level 10 in Spellcasting
 18758 | IceCv    | Noticed a frost giant
 18857 | IceCv    | Killed a frost giant
 19285 | IceCv    | Identified the +0 great mace of Okawaru's Pride {vorpal,
                  | rC++}
 19431 | IceCv    | Reached XP level 13. HP: 82/82 MP: 14/27
 19493 | IceCv    | Gained mutation: Your muscles are strong. (Str +2) [potion
                  | of mutation]
 19493 | IceCv    | Gained mutation: You have sharp toenails. [potion of
                  | mutation]
 19493 | IceCv    | Gained mutation: You have razor-sharp toenails. [potion of
                  | mutation]
 20218 | Lair:2   | Got the uncursed pair of boots "Caeb" {Str-2 Int+3 Stlth+}
 21744 | Lair:3   | Reached **** piety under Ashenzari
 22704 | Lair:4   | Identified the +1 pair of boots "Caeb" {Str-2 Int+3 Stlth+}
                  | (You found it on level 2 of the Lair of Beasts)
 23018 | Lair:4   | Reached skill level 11 in Fighting
 23183 | D:10     | Bought an uncursed amulet of the acrobat for 420 gold
                  | pieces
 23695 | Lair:4   | Found a staircase to the Snake Pit.
 24005 | Lair:4   | Found a staircase to the Swamp.
 24646 | Lair:5   | Noticed Kirke
 24658 | Lair:5   | Reached skill level 10 in Long Blades
 24665 | Lair:5   | Killed Kirke
 25232 | Lair:5   | Reached skill level 12 in Fighting
 25666 | Lair:5   | Gained mutation: Your large and strong wings let you fly
                  | indefinitely. [Gargoyle growth]
 25666 | Lair:5   | Reached XP level 14. HP: 92/92 MP: 28/28
 26579 | Lair:5   | Identified the +1 war axe "Vyjekeco" {flame, +Blink rElec
                  | rN+ Int+4}
 27059 | Lair:5   | Reached skill level 13 in Fighting
 27797 | Lair:6   | Entered Level 6 of the Lair of Beasts
 28639 | Lair:6   | Reached ***** piety under Ashenzari
 28650 | Lair:6   | Learned a level 4 spell: Cause Fear
 28662 | Lair:6   | Reached skill level 1 in Hexes
 29662 | Lair:6   | Reached skill level 14 in Fighting
 30560 | Lair:6   | Found a staircase to the Slime Pits.
 30703 | Lair:6   | Reached XP level 15. HP: 95/101 MP: 11/29
 31186 | Lair:3   | Reached skill level 15 in Fighting
 31478 | D:12     | Noticed Urug
 31506 | D:12     | Killed Urug
 31899 | D:12     | Learned a level 7 spell: Malign Gateway
 32014 | D:12     | Identified the cursed +1 halberd of the Undead {speed,
                  | rPois Int+4}
 32028 | D:12     | Reached skill level 1 in Summonings
 32167 | D:12     | Noticed Gastronok
 32192 | D:12     | Killed Gastronok
 32419 | D:12     | Demolished by an ettin

Levels and vault maps discovered:
D:1:      dpeg_arrival_concentric_ovals, layout_loops_ring, st_stairs_12
D:2:      wad_pebble_path, layout_basic
D:3:      layout_loops_cross, chequers_ecumenical_altar_simple, first_ration,
          uniq_sigmund
D:4:      layout_loops_ring, nicolae_tso_besieged_by_evil,
          hangedman_minor_gate_pass, uniq_blork_the_orc, uniq_eustachio
D:5:      layout_basic, gammafunk_temple_overflow_statue,
          minmay_temple_entry_poolview, basic_altar, serial_glass,
          glass_columns_b, glass_columns_a, glass_columns_a, feat_on_display,
          uniq_edmund, uniq_ijyb
D:6:      layout_basic
D:7:      layout_cave_pools, gammafunk_ghost_berserking_beasts
D:8:      layout_basic, minitemple, erik_lair_island, serial_glass,
          glass_columns_c, glass_columns_a, glass_columns_b, glass_columns_a,
          glass_columns_a, glass_columns_b, grunt_ogre_cave,
          minmay_misc_feat_room, zaba_anthole
D:9:      layout_rooms, lemuel_doored_altar, minmay_orc_entry_guard_dogs,
          uniq_prince_ribbit1
D:10:     layout_cave_pools, serial_shops, shop_coins, shop_fountains,
          nicolae_shop_trees, kennysheep_little_box, shop_statue,
          nicolae_ru_sacrificial_ziggurat
D:11:     layout_cave_pods, serial_shops, shop, st_stairs_4
D:12:     evilmike_diamond_1, layout_basic, uniq_urug, uniq_gastronok,
          uniq_jorgrun
Temple:   regret_index_temple_sphere_string
Lair:1:   cheibrodos_lair_river_kwai, layout_cave_pods, lemuel_oklob_altar,
          serial_bayou_shore_b, lemuel_fruit_tree
Lair:2:   layout_hall_layers, portal_ice_cave_entry_pillars_2, st_stairs_11
Lair:3:   layout_long_grid, beast_lair_carwin_6
Lair:4:   layout_misc_corridors, nicolae_swamp_entry_splash_gauntlet,
          minmay_snake_entry_six_corridors, minmay_lair_oklob_chamber
Lair:5:   regret_index_combs_of_tragedy, layout_big_grid, lemuel_fruit_fields,
          uniq_kirke
Lair:6:   grunt_lair_end_beastmaster, layout_small_grid,
          minmay_slime_entry_oklob_open, serial_bayou_crossing,
          infiniplex_staircase_pool_2, grunt_megastairs_5

Skill      XL: |  1  2  3  4  5  6  7  8  9 10 11 12 13 14 15 |
---------------+----------------------------------------------+-----
Earth Magic    | 4 5 6 7 10 | 10.6
Spellcasting   | 3 4 5 6 8 10 | 10.1
Conjurations   | 1 2 |  2.0
Fighting       | 1 5 8 10 12 14 15 | 15.3
Armour         | 1 5 7 |  7.0
Dodging        | 2 4 6 |  6.0
Shields        | 3 |  3.0
Evocations     | 2 3 4 |  4.0
Long Blades    | 1 7 10 11 | 11.7
Translocations | 1 2 3 |  3.5
Hexes          | 2 |  2.9
Summonings     | 1 |  1.9
Stealth        | |  2.1
Transmutations | |  0.7

Action                   |  1- 3 |  4- 6 |  7- 9 | 10-12 | 13-15 || total
-------------------------+-------+-------+-------+-------+-------++-------
Melee: Short sword       |   119 |    95 |    26 |       |       ||   240
       Hand axe          |       |       |   151 |   301 |   281 ||   733
       Long sword        |       |       |       |       |    98 ||    98
 Cast: Sandblast         |    19 |    30 |    10 |    45 |    76 ||   180
       Stone Arrow       |       |    21 |    90 |   243 |   422 ||   776
       Lee's Rapid Decon |       |       |     9 |    56 |    38 ||   103
       Petrify           |       |       |       |     9 |    30 ||    39
       Blink             |       |       |       |     2 |     4 ||     6
Invok: Curse Item        |       |       |     3 |     2 |     1 ||     6
 Abil: Fly               |       |       |       |       |     1 ||     1
       Stop Flying       |       |       |       |       |     1 ||     1
Evoke: Fan of gales      |       |       |       |     1 |       ||     1
       Wand              |       |       |       |       |    16 ||    16
       Lightning rod     |       |       |       |       |     4 ||     4
  Use: Scroll            |     1 |     8 |     6 |     6 |     5 ||    26
       Potion            |       |       |       |     3 |     6 ||     9
 Stab: Sleeping          |     1 |     1 |     2 |       |     2 ||     6
       Petrified         |       |       |       |     4 |     1 ||     5
  Eat: Chunk             |     4 |     9 |    23 |    38 |    24 ||    98
       Ration            |       |       |       |     4 |     7 ||    11
Armor: Robe              |    42 |    47 |    63 |       |       ||   152
       Troll leather arm |       |       |    66 |   306 |   317 ||   689
Dodge: Dodged            |    81 |    90 |   188 |   434 |   428 ||  1221
Block: Other             |       |       |    39 |    38 |       ||    77
       Reflection        |       |       |       |     2 |     7 ||     9
       Buckler           |       |       |       |   156 |   358 ||   514
       Rpst.: Long sword |       |       |       |       |    26 ||    26

Table legend:
 A = Non-vault XP
 B = Vault XP
 C = Vault XP percentage of total XP
 D = Non-vault monster count
 E = Vault monster count
 F = Vault count percentage of total count
                 A         B        C        D         E       F
            +---------+---------+-------+---------+---------+-------
      Total |   40545 |   57097 |  58.5 |     338 |     215 |  38.9
            +---------+---------+-------+---------+---------+-------
        D:1 |      27 |       3 |  10.0 |      14 |       2 |  12.5
        D:2 |     113 |       0 |   0.0 |      21 |       0 |   0.0
        D:3 |     177 |     231 |  56.6 |      24 |       1 |   4.0
        D:4 |     297 |     440 |  59.7 |      18 |      14 |  43.8
        D:5 |     291 |     202 |  41.0 |       6 |       2 |  25.0
        D:6 |    1096 |       0 |   0.0 |      28 |       0 |   0.0
        D:7 |    1319 |       0 |   0.0 |      23 |       0 |   0.0
        D:8 |    2163 |    1003 |  31.7 |      21 |      13 |  38.2
        D:9 |    2741 |     936 |  25.5 |      46 |       5 |   9.8
       D:10 |    3041 |       0 |   0.0 |      21 |       0 |   0.0
       D:11 |    2154 |     262 |  10.8 |      14 |       1 |   6.7
       D:12 |     864 |    8099 |  90.4 |       5 |      19 |  79.2
     Lair:1 |    4145 |    1928 |  31.7 |      25 |       5 |  16.7
     Lair:2 |    3599 |     208 |   5.5 |      13 |       2 |  13.3
     Lair:3 |    5615 |     499 |   8.2 |      17 |       5 |  22.7
     Lair:4 |    2866 |    5852 |  67.1 |       8 |      27 |  77.1
     Lair:5 |    6992 |   13465 |  65.8 |      17 |      57 |  77.0
     Lair:6 |    3045 |   14508 |  82.7 |      17 |      26 |  60.5
      IceCv |       0 |    9461 | 100.0 |       0 |      36 | 100.0
            +---------+---------+-------+---------+---------+-------
